[ AOE2 MATCH · #505938525 ]
UnrankedBerbers vs Bulgarians
Player's team · LOSS
Rival team · WIN
[ REPLAY ANALYSIS · EXTRACTED FROM THE RECORDED GAME ]
Feudal
9:01
Castle
—
Imperial
—
| APM avg | 63.0 |
| APM peak | 81 |
| eAPM avg | 23.5 |
| Villagers / military | 34 / 1 |
Focus
⚔️ 33.1% · 🌾 66.9%
Spearman ×1
Feudal
8:51
Castle
—
Imperial
—
| APM avg | 95.9 |
| APM peak | 165 |
| eAPM avg | 30.9 |
| Villagers / military | 31 / 10 |
Focus
⚔️ 45.8% · 🌾 54.2%
Archer ×5 · Militia ×5
Match map
Initial resources + every placement click. Lines = walls · curves = elevation contours. ◆ gold · ⬟ stone · ● berries · ✦ relic · ◌ wall gap
Your base· ✓ Closed at 12:00 · 51t walls · no gate
Speed's base· Open — opponent sealed themselves in
Smoothed initial terrain · ◌ = detected wall gap · hover for details
Inputs per minute
— hK | ChossMx - - Speed
Build order — hK | ChossMx
72 actions detected in the replay
| 0:01 | Create | Villager (Male) |
| 0:02 | Build | House |
| 0:03 | Build | House |
| 0:06 | Create | Villager (Male) |
| 0:07 | Create | Villager (Male) |
| 0:15 | Create | Villager (Male) |
| 0:15 | Create | Villager (Male) |
| 1:28 | Create | Villager (Male) |
| 1:28 | Create | Villager (Male) |
| 1:49 | Build | Lumber Camp |
| 1:59 | Create | Villager (Male) |
| 2:00 | Create | Villager (Male) |
| 2:21 | Create | Villager (Male) |
| 2:46 | Create | Villager (Male) |
| 3:03 | Create | Villager (Male) |
| 3:03 | Create | Villager (Male) |
| 3:03 | Create | Villager (Male) |
| 3:32 | Create | Villager (Male) |
| 3:49 | Create | Villager (Male) |
| 3:57 | Build | House |
| 4:10 | Create | Villager (Male) |
| 4:35 | Create | Villager (Male) |
| 4:35 | Create | Villager (Male) |
| 4:53 | Create | Villager (Male) |
| 4:53 | Create | Villager (Male) |
| 5:07 | Build | Mill |
| 5:40 | Research | Loom |
| 6:01 | Build | Palisade Wall |
| 6:03 | Build | Palisade Wall |
| 6:51 | Research | Feudal Age |
| 6:51 | Research | Feudal Age |
| 7:21 | Build | Palisade Wall |
| 7:26 | Build | Palisade Wall |
| 7:41 | Build | Palisade Wall |
| 7:43 | Build | House |
| 7:44 | Build | Palisade Wall |
| 7:49 | Build | Lumber Camp |
| 8:06 | Build | Palisade Wall |
| 8:16 | Build | Palisade Wall |
| 8:19 | Create | Villager (Male) |
| 8:23 | Build | Palisade Wall |
| 8:25 | Build | Palisade Wall |
| 8:29 | Build | Palisade Wall |
| 8:48 | Build | Palisade Wall |
| 9:01 | Age | Feudal Age |
| 9:02 | Create | Villager (Male) |
| 9:39 | Build | Palisade Wall |
| 9:43 | Build | Palisade Wall |
| 10:15 | Create | Villager (Male) |
| 10:22 | Build | Barracks |
| 10:27 | Create | Villager (Male) |
| 10:39 | Create | Villager (Male) |
| 10:44 | Build | Farm |
| 10:47 | Create | Villager (Male) |
| 10:52 | Create | Villager (Male) |
| 11:03 | Create | Spearman |
| 11:10 | Build | Farm |
| 11:11 | Build | Farm |
| 11:18 | Create | Villager (Male) |
| 11:34 | Research | Town Watch |
| 11:34 | Create | Villager (Male) |
| 11:37 | Build | House |
| 11:39 | Build | Palisade Wall |
| 11:57 | Create | Villager (Male) |
| 12:21 | Build | Farm |
| 12:22 | Build | Farm |
| 12:22 | Create | Villager (Male) |
| 12:29 | Create | Villager (Male) |
| 12:33 | Build | Farm |
| 13:19 | Create | Villager (Male) |
| 13:20 | Build | House |
| 13:24 | Build | Palisade Wall |
Build order — Speed
68 actions detected in the replay
| 0:00 | Create | Villager (Male) |
| 0:01 | Create | Villager (Male) |
| 0:01 | Create | Villager (Male) |
| 0:02 | Build | House |
| 0:03 | Build | House |
| 1:11 | Create | Villager (Male) |
| 1:33 | Create | Villager (Male) |
| 2:02 | Create | Villager (Male) |
| 2:02 | Create | Villager (Male) |
| 2:24 | Create | Villager (Male) |
| 2:52 | Create | Villager (Male) |
| 3:05 | Create | Villager (Male) |
| 3:05 | Create | Villager (Male) |
| 3:26 | Build | House |
| 3:39 | Create | Villager (Male) |
| 3:54 | Build | Lumber Camp |
| 4:03 | Create | Villager (Male) |
| 4:23 | Create | Villager (Male) |
| 4:26 | Create | Villager (Male) |
| 5:06 | Create | Villager (Male) |
| 5:38 | Create | Villager (Male) |
| 5:46 | Build | Barracks |
| 5:51 | Research | Loom |
| 5:51 | Research | Loom |
| 6:19 | Build | House |
| 6:39 | Research | Feudal Age |
| 6:43 | Create | Militia |
| 6:43 | Create | Militia |
| 7:00 | Create | Militia |
| 7:22 | Build | Mining Camp |
| 7:27 | Create | Militia |
| 7:27 | Create | Militia |
| 8:18 | Build | Mill |
| 8:51 | Age | Feudal Age |
| 8:52 | Create | Villager (Male) |
| 8:56 | Build | House |
| 9:10 | Create | Villager (Male) |
| 9:32 | Create | Villager (Male) |
| 9:45 | Create | Villager (Male) |
| 10:00 | Build | Archery Range |
| 10:10 | Create | Villager (Male) |
| 10:23 | Build | Farm |
| 10:25 | Build | Farm |
| 10:39 | Build | Farm |
| 10:46 | Create | Villager (Male) |
| 10:48 | Create | Archer |
| 10:49 | Build | House |
| 10:56 | Research | Arson |
| 10:57 | Research | Arson |
| 11:00 | Build | Farm |
| 11:14 | Create | Archer |
| 11:14 | Create | Villager (Male) |
| 11:40 | Create | Villager (Male) |
| 12:01 | Create | Archer |
| 12:08 | Create | Villager (Male) |
| 12:24 | Create | Archer |
| 12:28 | Create | Villager (Male) |
| 12:29 | Build | House |
| 12:29 | Build | Farm |
| 12:55 | Build | House |
| 12:57 | Create | Villager (Male) |
| 13:00 | Create | Villager (Male) |
| 13:16 | Create | Villager (Male) |
| 13:24 | Create | Archer |
| 13:27 | Build | Farm |
| 13:28 | Build | Farm |
| 13:28 | Build | Farm |
| 13:36 | Create | Villager (Male) |
Match timeline
| 5:46 | Speed · first_building Barracks |
| 6:01 | hK | ChossMx · wall_segment Palisade Wall x5 |
| 6:03 | hK | ChossMx · wall_segment Palisade Wall x7 |
| 7:21 | hK | ChossMx · wall_segment Palisade Wall x2 |
| 7:26 | hK | ChossMx · wall_segment Palisade Wall x3 |
| 7:41 | hK | ChossMx · wall_segment Palisade Wall x8 |
| 7:44 | hK | ChossMx · wall_segment Palisade Wall x5 |
| 8:06 | hK | ChossMx · wall_segment Palisade Wall x1 |
| 8:16 | hK | ChossMx · wall_segment Palisade Wall x13 |
| 8:23 | hK | ChossMx · wall_segment Palisade Wall x1 |
| 8:25 | hK | ChossMx · wall_segment Palisade Wall x1 |
| 8:29 | hK | ChossMx · wall_segment Palisade Wall x1 |
| 8:48 | hK | ChossMx · wall_segment Palisade Wall x1 |
| 8:51 | Speed · age_up feudal |
| 9:01 | hK | ChossMx · age_up feudal |
| 9:39 | hK | ChossMx · wall_segment Palisade Wall x2 |
| 9:43 | hK | ChossMx · wall_segment Palisade Wall x2 |
| 10:00 | Speed · first_building Archery Range |
| 10:22 | hK | ChossMx · first_building Barracks |
| 11:39 | hK | ChossMx · wall_segment Palisade Wall x1 |
| 13:24 | hK | ChossMx · wall_segment Palisade Wall x1 |
| 13:50 | hK | ChossMx · resign |
[ AI ANALYSIS · 1 CREDIT ]
What really happened in this match?
Wolo.gg analyzes every decision: build order, eco, micro, common mistakes by bracket. Personalized analysis on WhatsApp or Discord in 30 seconds.
Civ guide
Berbers
Perfil
Jugador #9031952